 Dungeon Crawl Stone Soup version 0.21.1-68-g103a7afc0a (webtiles) character file.

9125 Osmon the Cleaver (level 11, -2/97 HPs)
             Began as a Minotaur Berserker on Aug 1, 2018.
             Was an Elder of Trog.
             Slain by a swamp worm (14 damage)
             ... on level 11 of the Dungeon on Aug 2, 2018.
             The game lasted 01:15:42 (7879 turns).

Osmon the Cleaver (Minotaur Berserker)              Turns: 7879, Time: 01:15:43

Health: -2/97      AC: 17    Str: 21    XL:     11   Next: 18%
Magic:  7/10       EV:  9    Int:  4    God:    Trog [****..]
Gold:   439        SH:  0    Dex: 16    Spells: 10/10 levels left

rFire    . . .     SeeInvis .   a - +0 war axe
rCold    . . .     Gourm    .   (no shield)
rNeg     . . .     Faith    .   H - +0 plate armour
rPois    .         Spirit   .   (helmet restricted)
rElec    .         Reflect  .   (no cloak)
rCorr    .         Harm     .   A - +0 pair of gloves
MR       .....                  (no boots)
Stlth    ..........             (no amulet)
HPRegen  0.26/turn              (no ring)
MPRegen  0.12/turn              (no ring)

@: about to teleport, very slow
A: retaliatory headbutt, claws 1, hooves 1, horns 2, thin metallic scales 1,
agile 1
a: Berserk, Trog's Hand, Brothers in Arms, Burn Spellbooks, Renounce Religion


You were on level 11 of the Dungeon.
You worshipped Trog.
Trog was greatly pleased with you.
You were not hungry.

You visited 2 branches of the dungeon, and saw 12 of its levels.

You collected 544 gold pieces.
You spent 105 gold pieces at shops.

Inventory:

Hand Weapons
 a - a +0 war axe (weapon)
 b - a +4 arbalest
 j - a +0 hand axe
Missiles
 g - 5 needles of sleeping
 r - 6 tomahawks (quivered)
 I - 62 bolts
 J - 3 javelins of returning
 L - 6 javelins
Armour
 u - a +0 leather armour of fire resistance
 A - a +0 pair of gloves (worn)
 H - a +0 plate armour (worn)
Wands
 f - a wand of clouds (4)
 s - a wand of disintegration (10)
 t - a wand of acid (7)
 E - a wand of polymorph (11)
Scrolls
 d - 3 scrolls of fog
 e - 5 scrolls of remove curse
 h - 3 scrolls of enchant armour {unknown}
 l - 2 scrolls of summoning {unknown}
 m - a scroll of noise {unknown}
 o - 2 scrolls of amnesia
 p - 2 scrolls of teleportation
 q - 2 scrolls of enchant weapon
 w - 5 scrolls of identify
 C - a scroll of fear {unknown}
 F - a scroll of acquirement {unknown}
Potions
 i - a potion of heal wounds
 n - a potion of haste {unknown}
 v - 4 potions of curing
 x - a potion of invisibility
 z - 3 potions of lignification
Comestibles
 c - 8 rations
 B - 6 chunks of flesh


   Skills:
 + Level 9.0 Fighting
 + Level 12.6 Axes
 + Level 4.2 Crossbows
 + Level 6.8 Throwing
 + Level 9.6 Armour
 + Level 5.5 Dodging
 + Level 0.8 Stealth
 + Level 1.3 Evocations


You had 10 spell levels left.
You didn't know any spells.

Dungeon Overview and Level Annotations

Branches:
Dungeon (11/15)            Temple (1/1) D:7            Lair (0/6) D:10
    Orc: D:9-12

Altars:
Ashenzari
Cheibriados
Dithmenos
Elyvilon
Fedhas
Gozag
Hepliaklqana
Kikubaaqudgha
Makhleb
Nemelex Xobeh
Okawaru
Qazlal
Ru
Sif Muna
Trog
Uskayaw
Vehumet
Wu Jian
Xom
Yredelemnul
Zin
The Shining One

Shops:
D:5 *


Innate Abilities, Weirdness & Mutations

You reflexively headbutt those who attack you in melee.
You have a pair of horns on your head.
You have sharp fingernails.
You have large cloven feet.
You are partially covered in thin metallic scales. (AC +2)
You are agile. (Dex +2)


Message History

a shortbow; 31 arrows; a swamp worm corpse
r - 5 tomahawks (gained 1)
r - 6 tomahawks (gained 1)
You enter the shallow water.
Moving in this stuff is going to be slow.
A swamp worm bursts forth from the water.
The swamp worm closely misses you.
A swamp worm bursts forth from the water.
The swamp worm barely misses you. You furiously retaliate!
You headbutt the swamp worm. The swamp worm bites you.
The swamp worm bites you!
* * * LOW HITPOINT WARNING * * *
The swamp worm bites you but does no damage. x2
The swamp worm bites you!
* * * LOW HITPOINT WARNING * * *
As you read the scroll of teleportation, it crumbles to dust.
You feel strangely unstable. The swamp worm bites you.
* * * LOW HITPOINT WARNING * * *
The swamp worm bites you!
You die...

,,,,,,,,* #.#####.##,.....
,,******* #.# #.##*####+ ,,*
***#######.#####..###.... ,,*
***,,...............))((... ,,*
*,,,≈≈≈≈≈≈≈...#####..##....
,,*****,≈≈≈≈≈≈≈≈≈≈≈.#.......####'
,,,,,,,≈≈≈#######≈≈≈#.......# #.
******,≈≈##≈≈≈≈w#≈≈≈#....[..## #.
*,≈≈#!≈≈≈≈w@†≈≈#........# #.
*,≈≈##≈≈≈≈≈#P†≈#........# #.
*,≈≈≈#######≈≈≈########.# #.
*,,≈≈≈≈≈≈≈≈≈≈≈## *.# #.
**,,,≈≈≈≈≈≈≈### #.###.
******#####* #..... #..≈≈≈ #.≈≈≈.
#...≈≈


You could see 2 swamp worms.

Vanquished Creatures
  An unseen horror (D:10)
  2 ugly things (D:11)
  3 centaur skeletons
  2 komodo dragons (D:10)
  2 hippogriffs
  Sigmund (D:3)
  A shadow (D:11)
  2 wyverns (D:10)
  2 swamp worms (D:11)
  Edmund (D:6)
  2 water moccasins
  A swamp drake (D:10)
  3 orc warriors
  4 sky beasts
  3 ice beasts
  4 black bears
  A necrophage (D:10)
  5 ogres
  6 centaurs
  2 eyes of draining (D:11)
  A crocodile (D:10)
  3 bullfrogs
  2 scorpions
  10 wights
  5 howler monkeys
  A bullfrog zombie (D:7)
  4 crimson imps
  10 hounds
  A jelly (D:11)
  8 orc priests
  6 orc wizards
  3 bullfrog skeletons
  Ijyb (D:3)
  An iguana (D:6)
  11 worker ants
  Robin (D:2)
  7 gnolls
  14 adders
  A shadow imp (D:10)
  An adder skeleton (D:9)
  11 worms
  3 dart slugs
  10 leopard geckos
  26 orcs
  2 ball pythons
  9 bats
  3 giant cockroaches
  25 goblins
  9 hobgoblins
  4 jackals (D:4)
  4 quokkas
  5 frilled lizards
  A jackal zombie (D:6)
  5 kobolds
  8 rats
  A spectral orc (D:6)
  A plant (D:11)
266 creatures vanquished.

Vanquished Creatures (others)
  2 plants (D:11)
2 creatures vanquished.

Grand Total: 268 creatures vanquished

Notes
Turn   | Place    | Note
-------+----------+-------------------------------------------
     0 | D:1      | Osmon the Minotaur Berserker began the quest for the Orb.
     0 | D:1      | Reached XP level 1. HP: 19/19 MP: 0/0
   232 | D:1      | Reached XP level 2. HP: 21/27 MP: 1/1
   261 | D:1      | Reached skill level 4 in Axes
   706 | D:2      | Reached XP level 3. HP: 32/33 MP: 2/2
   813 | D:2      | Reached ** piety under Trog
  1089 | D:2      | Noticed Robin
  1099 | D:2      | Reached XP level 4. HP: 26/41 MP: 3/3
  1099 | D:2      | Killed Robin
  1269 | D:3      | Reached skill level 5 in Axes
  1434 | D:2      | Reached XP level 5. HP: 22/47 MP: 4/4
  1444 | D:2      | Reached *** piety under Trog
  1467 | D:2      | Found a shadowy altar of Dithmenos.
  1566 | D:2      | Found a deep blue altar of Sif Muna.
  1614 | D:3      | Found a snail-covered altar of Cheibriados.
  1787 | D:3      | Noticed Ijyb
  1801 | D:3      | Killed Ijyb
  1944 | D:3      | Noticed Sigmund
  1949 | D:3      | Killed Sigmund
  1949 | D:3      | Reached skill level 5 in Fighting
  1949 | D:3      | Reached skill level 6 in Axes
  1949 | D:3      | Reached XP level 6. HP: 56/56 MP: 5/5
  2211 | D:3      | Upgraded the game from 0.21.1-35-gfefc1aa2bb to 0.21.1-68-g103a7afc0a
  2277 | D:4      | Found an iron altar of Okawaru.
  2350 | D:4      | Reached skill level 7 in Axes
  2376 | D:4      | Reached XP level 7. HP: 61/61 MP: 6/6
  2560 | D:4      | Reached skill level 1 in Throwing
  2566 | D:4      | Reached skill level 8 in Axes
  2774 | D:5      | Entered Level 5 of the Dungeon
  2784 | D:5      | Found Jifips's General Store.
  2795 | D:5      | Bought a scroll of identify for 30 gold pieces
  2795 | D:5      | Bought a potion of heal wounds for 75 gold pieces
  2823 | D:5      | Reached XP level 8. HP: 70/70 MP: 7/7
  2919 | D:5      | Reached **** piety under Trog
  3038 | D:5      | Reached skill level 9 in Axes
  3629 | D:6      | Noticed Edmund
  3647 | D:6      | Killed Edmund
  3647 | D:6      | Reached skill level 5 in Armour
  3852 | D:6      | Found a basalt altar of Yredelemnul.
  3927 | D:6      | Reached skill level 5 in Dodging
  3929 | D:6      | Reached skill level 10 in Axes
  4140 | D:7      | Found a stormy altar of Qazlal.
  4215 | D:7      | Found a staircase to the Ecumenical Temple.
  4221 | Temple   | Entered the Ecumenical Temple
  4389 | D:7      | Reached XP level 9. HP: 79/79 MP: 8/8
  4606 | D:7      | Received a gift from Trog
  4750 | D:8      | Reached skill level 1 in Crossbows
  5294 | D:8      | Gained mutation: You have large cloven feet. [potion of mutation]
  5294 | D:8      | Gained mutation: You have sharp fingernails. [potion of mutation]
  5294 | D:8      | Gained mutation: You are agile. (Dex +2) [potion of mutation]
  5294 | D:8      | Gained mutation: You are partially covered in thin metallic scales. (AC +2) [potion of mutation]
  5768 | D:9      | Received a gift from Trog
  5870 | D:9      | Reached skill level 11 in Axes
  6140 | D:9      | Reached XP level 10. HP: 88/88 MP: 9/9
  6392 | D:10     | Entered Level 10 of the Dungeon
  6514 | D:10     | Received a gift from Trog
  6611 | D:10     | Killed an unseen horror
  6611 | D:10     | Reached skill level 5 in Throwing
  7166 | D:10     | Found a staircase to the Lair.
  7496 | D:11     | Noticed a green ugly thing
  7507 | D:11     | Killed a green ugly thing
  7509 | D:11     | Reached skill level 12 in Axes
  7572 | D:11     | Noticed a cyan ugly thing
  7583 | D:11     | Killed a cyan ugly thing
  7583 | D:11     | Reached XP level 11. HP: 40/95 MP: 2/10
  7815 | D:11     | Reached skill level 1 in Evocations
  7879 | D:11     | Slain by a swamp worm

Skill      XL: |  1  2  3  4  5  6  7  8  9 10 11 |
---------------+----------------------------------+-----
Axes           | 4 5 6 7 8 10 11 12 | 12.6
Fighting       | 4 5 6 7 8 9 |  9.0
Armour         | 3 4 5 7 9 |  9.6
Dodging        | 3 4 5 |  5.5
Throwing       | 1 2 4 6 |  6.8
Crossbows      | 4 |  4.2
Evocations     | 1 |  1.3
Stealth        | |  0.8

Action                   |  1- 3 |  4- 6 |  7- 9 | 10-12 || total
-------------------------+-------+-------+-------+-------++-------
Melee: Hand axe          |    74 |   115 |   293 |    18 ||   500
       Headbutt          |     8 |    20 |    72 |    37 ||   137
       Kick              |       |       |    21 |    70 ||    91
       War axe           |       |       |       |   163 ||   163
       Arbalest          |       |       |       |     2 ||     2
 Fire: Arbalest          |       |       |    16 |     6 ||    22
Throw: Tomahawk          |       |     8 |    84 |    71 ||   163
       Throwing net      |       |     1 |       |     3 ||     4
       Javelin           |       |       |       |    15 ||    15
Invok: Berserk           |     1 |     3 |    10 |     4 ||    18
       Trog's Hand       |       |     1 |     6 |    11 ||    18
       Burn Spellbooks   |       |       |       |     2 ||     2
Evoke: Wand              |       |       |     1 |     5 ||     6
  Use: Scroll            |     1 |       |    14 |     5 ||    20
       Potion            |       |       |     8 |     2 ||    10
 Stab: Confused          |       |       |       |     1 ||     1
  Eat: Chunk             |     1 |     3 |     9 |     1 ||    14
       Ration            |       |     1 |     5 |     4 ||    10
Armor: Animal skin       |     5 |       |       |       ||     5
       Leather armour    |     5 |    33 |    13 |       ||    51
       Chain mail        |       |       |    76 |       ||    76
       Plate armour      |       |       |    25 |   129 ||   154
Dodge: Dodged            |    56 |    92 |   136 |    74 ||   358
